 Dungeon Crawl Stone Soup version 0.28-a0-1412-gf95308ed99 (webtiles) character file.

Game seed: 11454469102442752497

3768 IndexError the Summoner (level 10, -7/74 HPs)
             Began as a Gnoll Summoner on Jan 7, 2022.
             Was an Initiate of Ashenzari.
             Mangled by a gnoll shaman (11 damage)
             ... in a bailey.
             The game lasted 00:22:30 (9426 turns).

IndexError the Summoner (Gnoll Summoner)            Turns: 9426, Time: 00:22:31

Health: -7/74      AC: 10    Str: 12    XL:     10   Next: 16%
Magic:  2/20       EV: 18    Int: 18    God:    Ashenzari [......]
Gold:   436        SH:  0    Dex: 29    Spells: 10/23 levels left

rFire   . . .      SeeInvis .   E - +4 falchion of the Sublime Portent {holy, Will+ Str+4 Dex+4 Stlth+, Range, Melee} (curse)
rCold   . . .      Faith    .   (no shield)
rNeg    . . .      Spirit   .   f - +0 troll leather armour {Pargi}
rPois   .          Reflect  .   v - +2 hat
rElec   .          Harm     .   e - +2 cloak
rCorr   .          Rampage  .   (no gloves)
Will    +....                   (no boots)
Stlth   +++++.....              (no amulet)
HPRegen 1.02/turn               c - +6 ring of dexterity
MPRegen 0.17/turn               k - +6 ring of dexterity

@: mighty, hasted, very quick
A: fangs 1, strong nose, distributed training
a: Renounce Religion, Shatter the Chains


You were in a bailey.
You worshipped Ashenzari.
Ashenzari was noncommittal.
You visited 2 branches of the dungeon, and saw 9 of its levels.
You also visited: Sewer and Bailey.

You collected 436 gold pieces.

Inventory:

Hand Weapons
 q - the +10 halberd "Embalmer" {spect, rF+ rCorr Stlth+}
   (You found it on level 8 of the Dungeon)

   When its wielder attacks, the weapon's spirit leaps out and strikes again.
   The spirit shares a part of any damage it takes with its wielder.
   rF:        It protects you from fire.
   rCorr:     It protects you from acid and corrosion.
   Stlth:     It makes you more stealthy.
 E - the cursed +4 falchion of the Sublime Portent (weapon) {holy, Will+ Str+4 Dex+4 Stlth+, Range, Melee}
   (You found it on level 6 of the Dungeon)

   It has been blessed by the Shining One to cause great damage to the undead
   and demons.
   Str:       It affects your strength (+4).
   Dex:       It affects your dexterity (+4).
   Will:      It increases your willpower.
   Stlth:     It makes you more stealthy.
   It has a curse which improves the following skills: Ranged Combat: Slings,
   Bows, Crossbows and Throwing.
   Melee Combat: Short Blades, Long Blades, Axes, Maces & Flails, Polearms,
   Staves and Unarmed Combat.
Missiles
 p - 6 throwing nets {=f, !d}
 C - 7 javelins (quivered)
Armour
 e - a +2 cloak (worn)
   (You found it on level 2 of the Dungeon)
 f - a +0 troll leather armour (worn) {Pargi}
   (You found it in a sewer)
 v - a +2 hat (worn)
   (You found it on level 5 of the Dungeon)
Magical Staves
 u - a staff of death {rN+}
   (You found it on level 5 of the Dungeon)
Jewellery
 c - a +6 ring of dexterity (left hand)
   (You found it on level 1 of the Dungeon)
 k - a +6 ring of dexterity (right hand)
   (You found it on level 2 of the Dungeon)
 t - a ring of protection from cold {rC+, !d}
   (You found it on level 4 of the Dungeon)
 A - a ring of see invisible {sInv, !d}
   (You found it on level 5 of the Dungeon)
Scrolls
 b - 4 scrolls of fear
 h - 8 scrolls of teleportation
 n - 2 scrolls of brand weapon
 o - 2 scrolls of enchant weapon
 y - a scroll of magic mapping {!r}
Potions
 d - 3 potions of flight {unknown}
 g - 7 potions of curing {unknown}
 i - 2 potions of heal wounds {unknown}
 j - a potion of haste
 l - 2 potions of berserk rage {unknown}
 m - a potion of experience {unknown}
 r - 2 potions of resistance {unknown}
 s - a potion of cancellation {unknown}
 w - a potion of ambrosia {unknown}
 x - 2 potions of mutation {unknown}
 B - a potion of lignification {unknown}


   Skills:
 + Level 5.0 Fighting
 + Level 5.0(5.4) Short Blades
 + Level 5.0(5.4) Long Blades
 + Level 5.0(5.4) Axes
 + Level 5.0(5.4) Maces & Flails
 + Level 5.0(5.4) Polearms
 + Level 5.0(5.4) Staves
 + Level 5.0(5.4) Slings
 + Level 5.0(5.4) Bows
 + Level 5.0(5.4) Crossbows
 + Level 5.0(5.4) Throwing
 + Level 5.0 Armour
 + Level 6.8 Dodging
 + Level 6.6 Stealth
 + Level 5.0 Shields
 + Level 5.0(5.4) Unarmed Combat
 + Level 7.1 Spellcasting
 + Level 4.1 Conjurations
 + Level 4.1 Hexes
 + Level 8.3 Summonings
 + Level 4.1 Necromancy
 + Level 4.1 Translocations
 + Level 4.1 Transmutations
 + Level 4.1 Fire Magic
 + Level 4.1 Ice Magic
 + Level 4.1 Air Magic
 + Level 4.1 Earth Magic
 + Level 4.1 Poison Magic
 + Level 5.5 Invocations
 + Level 5.0 Evocations


You had 10 spell levels left.
You knew the following spells:

 Your Spells              Type           Power      Damage    Failure   Level
a - Summon Small Mammal   Summ           100%       N/A       1%          1
b - Call Canine Familiar  Summ           36%        N/A       1%          3
c - Call Imp              Summ           36%        N/A       1%          2
d - Summon Guardian Gole  Hex/Summ       28%        N/A       3%          3
e - Summon Lightning Spi  Summ/Air       28%        N/A       11%         4

Your spell library contained the following spells:

 Spells                   Type           Power      Damage    Failure   Level
 Freeze                   Ice            84%        1d10      2%          1
 Slow                     Hex            84%        N/A       2%          1
 Confusing Touch          Hex            21%        N/A       8%          3
 Frozen Ramparts          Ice            42%        1d6       8%          3
 Vampiric Draining        Necr           21%        2d7       8%          3
 Animate Armour           Summ/Erth      56%        N/A       11%         4
 Hailstorm                Conj/Ice       21%        3d6       24%         4
 Blade Hands              Tmut           10%        N/A       56%         5
 Conjure Ball Lightning   Conj/Air       10%        3x3d6     98%         6
 Iron Shot                Conj/Erth      10%        9d3       98%         6
 Discord                  Hex            10%        N/A       100%        8
 Disjunction              Tloc           10%        N/A       100%        8


Dungeon Overview and Level Annotations

Branches:
Dungeon (8/15)             Temple (1/1) D:6           Sewer (visited)
 Bailey (1/1)
   Lair: D:8-11

Altars:
Ashenzari
Cheibriados
Dithmenos
Elyvilon
Fedhas
Gozag
Hepliaklqana
Kikubaaqudgha
Makhleb
Okawaru
Qazlal
Ru
Sif Muna
Trog
Uskayaw
Wu Jian
Xom
Yredelemnul
Zin
The Shining One

Shops:
D:3 (


Innate Abilities, Weirdness & Mutations

You have very sharp teeth.
Your uncanny sense of smell can sniff out nearby items.
Your experience applies equally to all skills.


Message History

The wolf barely misses your lightning spire.
The gnoll misses you.
You take 7 damage, and have 24/74 hp.
You closely miss the gnoll. The wolf bites your lightning spire!
Your lightning spire disappears in a puff of smoke!
The gnoll closely misses you.
The gnoll throws a throwing net.
The throwing net closely misses you.
Your crimson imp closely misses the gnoll.
The gnoll barely misses you. The gnoll closely misses you.
The wolf misses your crimson imp.
Your crimson imp barely misses the gnoll.
The gnoll closely misses you. x2; The gnoll hits you but does no damage.
The wolf misses your crimson imp.
The wolf barely misses your crimson imp.
Your crimson imp hits the gnoll but does no damage.
The gnoll misses you. x2; The gnoll completely misses you.
A gnoll shaman comes into view. It is wielding a +0 spear.
The gnoll shaman shouts!
The wolf bites your crimson imp! The gnoll misses you.
Your crimson imp misses the wolf.
The gnoll closely misses you. x2
The wolf barely misses your crimson imp.
The gnoll completely misses you.
Items here: ) [ ÷ †.
The wolf closely misses your crimson imp.
Your crimson imp completely misses the wolf.
The gnoll hits you but does no damage. The gnoll hits you with a +0 halberd.
The gnoll barely misses you.
The gnoll shaman calls upon its god to speed up the gnoll.
The gnoll seems to speed up.
The wolf closely misses your crimson imp.
You hear a howl!
You hear a shout!
You take 4 damage, and have 24/74 hp.
A wolf comes into view.
The gnoll hits you from afar with a +0 halberd!
* * * LOW HITPOINT WARNING * * *
The wolf closely misses your crimson imp.
Your crimson imp blinks!
The gnoll misses you.
The gnoll throws a throwing net.
The throwing net misses you.
You take 9 damage, and have 15/74 hp.
The gnoll misses you. x2; The gnoll closely misses you.
The gnoll closely misses you.
Your crimson imp hits the wolf but does no damage.
The gnoll closely misses you.
The gnoll shaman calls upon its god to speed up the gnoll.
The gnoll seems to speed up.
The gnoll barely misses you. The wolf bites your crimson imp!
The gnoll closely misses you. The gnoll completely misses you.
The wolf barely misses your crimson imp.
Your crimson imp hits the wolf.
The gnoll misses you. The wolf bites your crimson imp!
Your crimson imp disappears in a puff of smoke!
The wolf howls!
The gnoll closely misses you.
You feel yourself speed up. The wolf completely misses you.
The gnoll misses you. The gnoll closely misses you.
The gnoll shaman hits you from afar with a +0 spear.
* * * LOW HITPOINT WARNING * * *
The wolf misses you.
The gnoll hits you from afar with a +0 halberd!
* * * LOW HITPOINT WARNING * * *
You take 11 damage, and have 8/74 hp.
Casting: Summon Lightning Spire (dangerous; 11% risk of failure)
Confirm with . or Enter, or press ? or * to list all spells.
An electric hum fills the air.
The gnoll closely misses you. x2
The wolf completely misses you. The gnoll shaman closely misses you.
The gnoll closely misses you.
You now have 2/20 mp.
The gnoll barely misses you.
The gnoll shaman calls upon its god to speed up something.
A gnoll shaman comes into view. It is wielding a +0 halberd.
The wolf barely misses you.
You feel very mighty all of a sudden. The gnoll barely misses you.
The gnoll closely misses you. The wolf barely misses you.
The gnoll hits your lightning spire but does no damage.
The gnoll shaman calls upon its god to speed up the gnoll shaman.
The gnoll shaman seems to speed up.
You slash the wolf! The gnoll closely misses you. x2
The wolf closely misses you.
The gnoll hits your lightning spire but does no damage.
The gnoll shaman calls upon its god to heal the gnoll.
The gnoll's wounds heal themselves!
You slash the wolf!
The gnoll is no longer moving quickly.
The wolf misses you. The gnoll barely misses you. The gnoll misses you.
The gnoll shaman closely misses you.
The gnoll completely misses your lightning spire.
The wolf bites you!
* * * LOW HITPOINT WARNING * * *
The gnoll closely misses you.
The gnoll shaman hits you with a +0 spear.
* * * LOW HITPOINT WARNING * * *
The gnoll completely misses you.
The gnoll hits your lightning spire with a +0 halberd!
Your lightning spire shoots out a bolt of lightning at the gnoll!
The bolt of electricity hits the gnoll!
You take 9 damage, and have 3/74 hp.
The wolf misses you. The gnoll completely misses you.
The gnoll shaman hits you from afar with a +0 spear!
You die...

≈ #.....# ≈♣ ≈ #...#
≈♣ ≈ ##)## ≈♣ ≈
#.).# ≈♣ ≈## #.).#
##≈♣ ≈.#∆∆∆ #.))#
∆∆∆#.≈♣
≈.######'''######.≈♣
≈......)[[)(..gh..≈♣
≈≈...........gg.@≈≈♣
♣≈≈≈≈≈≈≈.).≈≈≈≈≈≈≈♣♣
♣♣......).)(..g8.♣♣
♣♣♣..........g♣♣♣
♣♣...†..(♣♣♣♣
♣♣♣♣.∩.♣♣ ♣♣.♣♣ ♣.♣
♣∩♣


You could see a wolf, 2 gnoll shamans, 3 gnolls and a friendly lightning spire
(summoned).

Vanquished Creatures
  A wyvern (D:8)
  An ice beast (D:5)
  3 black bears
  4 wolves (Bailey)
  A phantom (D:4)
  A gnoll sergeant (Bailey)
  A wyvern zombie (D:8)
  A bullfrog (D:7)
  4 scorpions
  A jelly (D:6)
  A bullfrog zombie (D:5)
  2 centaur skeletons
  4 hounds
  An orc priest (D:7)
  An orc wizard (D:5)
  A howler monkey zombie (D:6)
  5 gnolls
  6 adders
  A shadow imp (D:5)
  3 worms
  2 dart slugs (D:1)
  9 orcs
  3 bats
  An endoplasm (D:3)
  A giant cockroach (D:4)
  A goblin (D:3)
  2 hobgoblins
  5 kobolds
  2 quokkas
  5 ball pythons
  4 frilled lizards
  6 rats
84 creatures vanquished.

Vanquished Creatures (collateral kills)
  Prince Ribbit (D:7)
  A steam dragon (D:6)
  3 water moccasins
  An ice beast (D:6)
  A wolf (Bailey)
  A centaur (D:6)
  An ogre (D:5)
  A scorpion (D:6)
  2 gnoll sergeants (Bailey)
  2 hounds (D:5)
  A gnoll shaman (Bailey)
  2 jellies
  An iguana (D:6)
  3 iron imps (D:3)
  Natasha (thrice) (D:2)
  2 orc wizards (D:7)
  A hound skeleton (D:5)
  3 gnolls
  An adder (Sewer)
  A shadow imp (D:5)
  A worm (D:4)
  3 dart slugs (D:1)
  4 orcs
  3 ball pythons
  3 bats
  3 endoplasms
  A giant cockroach (D:2)
  9 goblins
  2 hobgoblins
  2 quokkas
  3 frilled lizards
  4 kobolds
  3 rats
73 creatures vanquished.

Vanquished Creatures (others)
  Pargi (Sewer)
  A phantom (D:5)
  A gnoll sergeant (Bailey)
  Crazy Yiuf (D:2)
  An orc priest (D:5)
  A gnoll shaman (Bailey)
  5 gnolls
  4 plants
  2 withered plants (D:5)
17 creatures vanquished.

Grand Total: 174 creatures vanquished

Notes
Turn   | Place    | Note
-------+----------+-------------------------------------------
     0 | D:1      | IndexError the Gnoll Summoner began the quest for the Orb.
     0 | D:1      | Reached XP level 1. HP: 13/13 MP: 6/6
   256 | D:1      | Reached XP level 2. HP: 14/19 MP: 7/7
   939 | D:1      | Reached XP level 3. HP: 25/25 MP: 9/9
   963 | D:1      | Reached skill level 5 in Spellcasting
   963 | D:1      | Found a faded altar of an unknown god.
   972 | D:1      | Learned a level 2 spell: Call Imp
   976 | D:1      | Learned a level 3 spell: Call Canine Familiar
   980 | D:1      | Learned a level 3 spell: Summon Guardian Golem
  1581 | D:2      | Reached skill level 1 in Invocations
  1852 | D:2      | Reached skill level 1 in Fighting
  1852 | D:2      | Reached skill level 1 in Short Blades
  1852 | D:2      | Reached skill level 1 in Long Blades
  1852 | D:2      | Reached skill level 1 in Axes
  1852 | D:2      | Reached skill level 1 in Maces & Flails
  1852 | D:2      | Reached skill level 1 in Polearms
  1852 | D:2      | Reached skill level 1 in Staves
  1852 | D:2      | Reached skill level 1 in Slings
  1852 | D:2      | Reached skill level 1 in Bows
  1852 | D:2      | Reached skill level 1 in Crossbows
  1852 | D:2      | Reached skill level 1 in Throwing
  1852 | D:2      | Reached skill level 1 in Armour
  1852 | D:2      | Reached skill level 1 in Shields
  1852 | D:2      | Reached skill level 1 in Unarmed Combat
  1852 | D:2      | Reached skill level 1 in Evocations
  2033 | D:2      | Found a runed translucent door.
  2034 | D:2      | Noticed Crazy Yiuf
  2225 | D:2      | Reached XP level 4. HP: 32/32 MP: 8/11
  2401 | D:2      | Noticed Natasha
  2406 | D:2      | Killed Natasha
  2612 | D:2      | Noticed Natasha
  2612 | D:2      | Killed Crazy Yiuf
  2613 | D:2      | Reached skill level 1 in Conjurations
  2613 | D:2      | Reached skill level 1 in Hexes
  2613 | D:2      | Reached skill level 1 in Necromancy
  2613 | D:2      | Reached skill level 1 in Translocations
  2613 | D:2      | Reached skill level 1 in Transmutations
  2613 | D:2      | Reached skill level 1 in Fire Magic
  2613 | D:2      | Reached skill level 1 in Ice Magic
  2613 | D:2      | Reached skill level 1 in Air Magic
  2613 | D:2      | Reached skill level 1 in Earth Magic
  2613 | D:2      | Reached skill level 1 in Poison Magic
  2682 | D:2      | Killed Natasha
  2683 | D:2      | Reached XP level 5. HP: 17/37 MP: 1/12
  2886 | D:2      | Noticed Natasha
  2896 | D:2      | Killed Natasha
  3821 | D:3      | Found Vaogauck's Antique Weapon Shoppe.
  3910 | D:3      | Found a glowing golden altar of the Shining One.
  4027 | D:3      | Found a hide-covered altar of Uskayaw.
  4082 | D:3      | Found a burning altar of Makhleb.
  4105 | D:3      | Reached skill level 2 in Invocations
  4105 | D:3      | Reached XP level 6. HP: 44/44 MP: 10/13
  4116 | D:3      | Reached skill level 5 in Dodging
  4240 | D:3      | Reached skill level 2 in Fighting
  4240 | D:3      | Reached skill level 2 in Short Blades
  4240 | D:3      | Reached skill level 2 in Long Blades
  4240 | D:3      | Reached skill level 2 in Axes
  4240 | D:3      | Reached skill level 2 in Maces & Flails
  4240 | D:3      | Reached skill level 2 in Polearms
  4240 | D:3      | Reached skill level 2 in Staves
  4240 | D:3      | Reached skill level 2 in Slings
  4240 | D:3      | Reached skill level 2 in Bows
  4240 | D:3      | Reached skill level 2 in Crossbows
  4240 | D:3      | Reached skill level 2 in Throwing
  4240 | D:3      | Reached skill level 2 in Armour
  4240 | D:3      | Reached skill level 2 in Shields
  4240 | D:3      | Reached skill level 2 in Unarmed Combat
  4240 | D:3      | Reached skill level 2 in Evocations
  5612 | D:5      | Entered Level 5 of the Dungeon
  5630 | D:5      | Reached XP level 7. HP: 50/50 MP: 15/15
  5654 | D:5      | Found a snail-covered altar of Cheibriados.
  5761 | D:5      | Found a glowing drain.
  5778 | Sewer    | Entered a sewer
  5885 | Sewer    | Noticed Pargi
  5908 | Sewer    | Killed Pargi
  5909 | Sewer    | Reached skill level 2 in Conjurations
  5909 | Sewer    | Reached skill level 2 in Hexes
  5909 | Sewer    | Reached skill level 2 in Necromancy
  5909 | Sewer    | Reached skill level 2 in Translocations
  5909 | Sewer    | Reached skill level 2 in Transmutations
  5909 | Sewer    | Reached skill level 2 in Fire Magic
  5909 | Sewer    | Reached skill level 2 in Ice Magic
  5909 | Sewer    | Reached skill level 2 in Air Magic
  5909 | Sewer    | Reached skill level 2 in Earth Magic
  5909 | Sewer    | Reached skill level 2 in Poison Magic
  6099 | D:5      | Reached skill level 5 in Stealth
  6156 | D:5      | Reached skill level 3 in Invocations
  6311 | D:5      | Reached XP level 8. HP: 52/57 MP: 11/16
  6395 | D:5      | Reached skill level 3 in Fighting
  6395 | D:5      | Reached skill level 3 in Short Blades
  6395 | D:5      | Reached skill level 3 in Long Blades
  6395 | D:5      | Reached skill level 3 in Axes
  6395 | D:5      | Reached skill level 3 in Maces & Flails
  6395 | D:5      | Reached skill level 3 in Polearms
  6395 | D:5      | Reached skill level 3 in Staves
  6395 | D:5      | Reached skill level 3 in Slings
  6395 | D:5      | Reached skill level 3 in Bows
  6395 | D:5      | Reached skill level 3 in Crossbows
  6395 | D:5      | Reached skill level 3 in Throwing
  6395 | D:5      | Reached skill level 3 in Armour
  6395 | D:5      | Reached skill level 3 in Shields
  6395 | D:5      | Reached skill level 3 in Unarmed Combat
  6395 | D:5      | Reached skill level 3 in Evocations
  6435 | D:5      | Reached skill level 6 in Spellcasting
  7030 | D:5      | Found a blossoming altar of Fedhas.
  7033 | D:5      | Found an ancient bone altar of Kikubaaqudgha.
  7094 | D:5      | Found a glowing silver altar of Zin.
  7274 | D:6      | Reached skill level 3 in Conjurations
  7274 | D:6      | Reached skill level 3 in Hexes
  7274 | D:6      | Reached skill level 3 in Necromancy
  7274 | D:6      | Reached skill level 3 in Translocations
  7274 | D:6      | Reached skill level 3 in Transmutations
  7274 | D:6      | Reached skill level 3 in Fire Magic
  7274 | D:6      | Reached skill level 3 in Ice Magic
  7274 | D:6      | Reached skill level 3 in Air Magic
  7274 | D:6      | Reached skill level 3 in Earth Magic
  7274 | D:6      | Reached skill level 3 in Poison Magic
  7274 | D:6      | Reached skill level 4 in Invocations
  7370 | D:6      | Reached skill level 6 in Dodging
  7370 | D:6      | Reached XP level 9. HP: 65/65 MP: 13/18
  7452 | D:6      | Found a staircase to the Ecumenical Temple.
  7598 | Temple   | Entered the Ecumenical Temple
  7688 | Temple   | Became a worshipper of Ashenzari the Shackled
  7723 | Temple   | Learned a level 4 spell: Summon Lightning Spire
  7897 | D:6      | Reached skill level 4 in Fighting
  7897 | D:6      | Reached skill level 4 in Short Blades
  7897 | D:6      | Reached skill level 4 in Long Blades
  7897 | D:6      | Reached skill level 4 in Axes
  7897 | D:6      | Reached skill level 4 in Maces & Flails
  7897 | D:6      | Reached skill level 4 in Polearms
  7897 | D:6      | Reached skill level 4 in Staves
  7897 | D:6      | Reached skill level 4 in Slings
  7897 | D:6      | Reached skill level 4 in Bows
  7897 | D:6      | Reached skill level 4 in Crossbows
  7897 | D:6      | Reached skill level 4 in Throwing
  7897 | D:6      | Reached skill level 4 in Armour
  7897 | D:6      | Reached skill level 4 in Shields
  7897 | D:6      | Reached skill level 4 in Unarmed Combat
  7897 | D:6      | Reached skill level 4 in Evocations
  7952 | D:6      | Identified the +4 falchion of Ru's Castigation {holy, Will+
                  | Str+4 Dex+4 Stlth+}
  8034 | D:6      | Reached skill level 6 in Stealth
  8034 | D:6      | Reached skill level 8 in Summonings
  8295 | D:7      | Noticed Prince Ribbit
  8708 | D:7      | Found an iron altar of Okawaru.
  8844 | D:7      | Killed Prince Ribbit
  8921 | D:8      | Reached skill level 5 in Invocations
  8999 | D:8      | Found a flagged portal.
  9005 | D:8      | Identified the +10 halberd "Embalmer" {spect, rF+ rCorr
                  | Stlth+}
  9009 | Bailey   | Entered a bailey
  9310 | Bailey   | Reached skill level 7 in Spellcasting
  9316 | Bailey   | Reached XP level 10. HP: 71/73 MP: 4/20
  9319 | Bailey   | Reached skill level 4 in Conjurations
  9319 | Bailey   | Reached skill level 4 in Hexes
  9319 | Bailey   | Reached skill level 4 in Necromancy
  9319 | Bailey   | Reached skill level 4 in Translocations
  9319 | Bailey   | Reached skill level 4 in Transmutations
  9319 | Bailey   | Reached skill level 4 in Fire Magic
  9319 | Bailey   | Reached skill level 4 in Ice Magic
  9319 | Bailey   | Reached skill level 4 in Air Magic
  9319 | Bailey   | Reached skill level 4 in Earth Magic
  9319 | Bailey   | Reached skill level 4 in Poison Magic
  9402 | Bailey   | Reached skill level 5 in Fighting
  9402 | Bailey   | Reached skill level 5 in Short Blades
  9402 | Bailey   | Reached skill level 5 in Long Blades
  9402 | Bailey   | Reached skill level 5 in Axes
  9402 | Bailey   | Reached skill level 5 in Maces & Flails
  9402 | Bailey   | Reached skill level 5 in Polearms
  9402 | Bailey   | Reached skill level 5 in Staves
  9402 | Bailey   | Reached skill level 5 in Slings
  9402 | Bailey   | Reached skill level 5 in Bows
  9402 | Bailey   | Reached skill level 5 in Crossbows
  9402 | Bailey   | Reached skill level 5 in Throwing
  9402 | Bailey   | Reached skill level 5 in Armour
  9402 | Bailey   | Reached skill level 5 in Shields
  9402 | Bailey   | Reached skill level 5 in Unarmed Combat
  9402 | Bailey   | Reached skill level 5 in Evocations
  9413 | Bailey   | HP: 15/74 [gnoll (10)]
  9418 | Bailey   | HP: 15/74 [gnoll shaman (5)]
  9425 | Bailey   | HP: 4/74 [wolf (9)]
  9426 | Bailey   | Mangled by a gnoll shaman

Illustrated notes

Levels and vault maps discovered:
D:1:      roderic_crossed_star, layout_loops_ring,
          hellmonk_ecumenical_altar_arch_garden, minmay_misc_feat_alley,
          minmay_misc_feat_nine_boxes
D:2:      layout_rooms, serial_rivers, chequers_serial_rivers_micro_d,
          chequers_serial_rivers_small_a, chequers_serial_rivers_large_a,
          chequers_serial_rivers_micro_b, chequers_serial_rivers_micro_e,
          uniq_natasha, uniq_crazy_yiuf_cottage
D:3:      layout_basic, mainiacjoe_overflow_alcove_4, tso_oasis_becter,
          demons_altar, serial_shops, nicolae_shop_hallway_plus
D:4:      layout_layer_cave
D:5:      layout_loops_cross, grunt_temple_overflow_growth_and_decay,
          kennysheep_mini, lemuel_tele_altar, cheibrodos_sewer_entry_sluice,
          minmay_joined_circles
D:6:      layout_rooms, minmay_temple_entry_wispy, bh_walls_and_bars
D:7:      layout_gridville, okawaru_altar_gauntlet_db, uniq_prince_ribbit1
D:8:      layout_gridville, vehumet_statue, enter_bailey_2, serial_rivers,
          chequers_serial_rivers_small_b, chequers_serial_rivers_micro_c,
          chequers_serial_rivers_large_b, chequers_serial_rivers_micro_c,
          chequers_serial_rivers_small_3
Temple:   nicolae_temple_hex_pool
Bailey:   bailey_polearm_gnolls_kennysheep, bailey

Skill      XL: |  1  2  3  4  5  6  7  8  9 10 |
---------------+-------------------------------+-----
Spellcasting   | 5 6 7 |  7.1
Invocations    | 1 2 3 4 5 |  5.5
Fighting       | 1 2 3 4 5 |  5.0
Short Blades   | 1 2 3 4 5 |  5.0
Long Blades    | 1 2 3 4 5 |  5.0
Axes           | 1 2 3 4 5 |  5.0
Maces & Flails | 1 2 3 4 5 |  5.0
Polearms       | 1 2 3 4 5 |  5.0
Staves         | 1 2 3 4 5 |  5.0
Slings         | 1 2 3 4 5 |  5.0
Bows           | 1 2 3 4 5 |  5.0
Crossbows      | 1 2 3 4 5 |  5.0
Throwing       | 1 2 3 4 5 |  5.0
Armour         | 1 2 3 4 5 |  5.0
Shields        | 1 2 3 4 5 |  5.0
Unarmed Combat | 1 2 3 4 5 |  5.0
Evocations     | 1 2 3 4 5 |  5.0
Conjurations   | 1 2 3 4 |  4.1
Hexes          | 1 2 3 4 |  4.1
Necromancy     | 1 2 3 4 |  4.1
Translocations | 1 2 3 4 |  4.1
Transmutations | 1 2 3 4 |  4.1
Fire Magic     | 1 2 3 4 |  4.1
Ice Magic      | 1 2 3 4 |  4.1
Air Magic      | 1 2 3 4 |  4.1
Earth Magic    | 1 2 3 4 |  4.1
Poison Magic   | 1 2 3 4 |  4.1
Dodging        | 5 6 |  6.8
Stealth        | 5 6 |  6.6
Summonings     | 8 |  8.3

Action                   |  1- 3 |  4- 6 |  7- 9 | 10-12 || total
-------------------------+-------+-------+-------+-------++-------
Melee: Dagger            |   100 |     1 |       |       ||   101
       Unarmed           |     4 |       |       |       ||     4
       Bite              |    13 |    10 |    21 |     6 ||    50
       Punch             |     1 |       |     3 |     1 ||     5
       Lajatang          |       |    63 |   103 |       ||   166
       Falchion          |       |       |    81 |    26 ||   107
 Cast: Summon Small Mamm |    23 |     4 |    10 |       ||    37
       Call Canine Famil |     7 |    12 |    23 |       ||    42
       Call Imp          |     5 |     8 |    23 |     1 ||    37
       Summon Guardian G |       |    10 |    11 |     2 ||    23
       Summon Lightning  |       |       |     4 |     2 ||     6
Invok: Curse Item        |       |       |     1 |       ||     1
  Use: Scroll            |       |     8 |     5 |       ||    13
       Potion            |       |       |       |     2 ||     2
 Stab: Sleeping          |     4 |     8 |     7 |       ||    19
       Distracted        |     1 |       |     9 |       ||    10
Armor: Robe              |    16 |     7 |       |       ||    23
       Troll leather arm |       |       |    46 |    12 ||    58
Dodge: Dodged            |    72 |    49 |   162 |   140 ||   423

Table legend: (Time is in decaauts)
 A = Elapsed time spent in this place.
 B = Non-inter-level travel time spent in this place.
 C = Inter-level travel time spent in this place.
 D = Time resting spent in this place.
 E = Time spent auto-exploring this place.
 F = Levels seen in this place.
 G = Mean time per level.
                   A        B        C        D        E       F      G
               +--------+--------+--------+--------+--------+-----+--------+
         Total |   9494 |   8724 |    770 |     17 |   6725 |  11 |  863.1 |
       Dungeon |   8613 |   7882 |    731 |     17 |   6257 |   8 | 1076.6 |
        Temple |    125 |     86 |     39 |      0 |     69 |   1 |  125.0 |
         Sewer |    338 |    338 |      0 |      0 |    226 |   1 |  338.0 |
        Bailey |    416 |    416 |      0 |      0 |    173 |   1 |  416.0 |
               +--------+--------+--------+--------+--------+-----+--------+

Top non-repeatable levels by time:
     D:2: 1893 daAuts
     D:1: 1565 daAuts
     D:5: 1370 daAuts
     D:4: 1345 daAuts
     D:3: 941 daAuts
     D:7: 788 daAuts
     D:6: 674 daAuts
  Bailey: 416 daAuts
   Sewer: 338 daAuts
  Temple: 125 daAuts
     D:8: 34 daAuts

Table legend:
 A = Kills in this place as a percentage of kills in entire the game.
 B = Kills by you in this place as a percentage of kills by you in the entire game.
 C = Kills by friends in this place as a percentage of kills by friends in the entire game.
 D = Other kills in this place as a percentage of other kills in the entire game.
 E = Experience gained in this place as a percentage of experience gained in the entire game.
 F = Experience gained in this place divided by the number of levels of this place that you have seen.
                   A       B       C       D       E      F
               +-------+-------+-------+-------+-------+----------------------
         Total | 100.0 | 100.0 | 100.0 | 100.0 | 100.0 | 489.4
       Dungeon |  83.3 |  84.5 |  87.7 |  45.5 |  74.6 | 501.9
         Sewer |   3.6 |   2.4 |   4.1 |   9.1 |   2.8 | 149.0
        Bailey |  13.1 |  13.1 |   8.2 |  45.5 |  22.6 | 1219.0
               +-------+-------+-------+-------+-------+----------------------
